 Dungeon Crawl Stone Soup version 0.30.0-29-ga12c61a403 (webtiles) character file.

Game seed: 17299431188233998387

10035 howech the Cleaver (level 11, 0/97 HPs)
             Began as a Minotaur Berserker on June 22, 2023.
             Was an Elder of Trog.
             Slain by a five-headed hydra (10 damage)
             ... on level 2 of the Lair of Beasts.
             The game lasted 00:42:09 (10359 turns).

howech the Cleaver (Minotaur Berserker)            Turns: 10359, Time: 00:42:10

Health: 0/97       AC: 13    Str: 24    XL:     11   Next: 30%
Magic:  10/10      EV: 11    Int:  6    God:    Trog [****..]
Gold:   467        SH:  5    Dex: 16    Spells: 10/10 levels left

rFire   . . .        e - +4 dagger
rCold   . . .        (no shield)
rNeg    . . .        g - +1 chain mail
rPois   .            (helmet restricted)
rElec   .            y - +0 cloak
rCorr   .            (no gloves)
SInv    .            t - +0 pair of boots
Will    .....        p - amulet of reflection Stlth
                     m - +6 ring of dexterity
HPRegen 0.36/turn    (no ring)
MPRegen 0.12/turn

%: reflection
@: about to teleport
A: horns 2, retaliatory headbutt
a: Renounce Religion, Berserk, Trog's Hand, Brothers in Arms


You were on level 2 of the Lair of Beasts.
You worshipped Trog.
Trog was greatly pleased with you.
You visited 2 branches of the dungeon, and saw 10 of its levels.
You also visited: Sewer.

You collected 467 gold pieces.

Inventory:

Hand Weapons
 a - a +1 hand axe
 e - a +4 dagger (weapon)
Missiles
 f - 18 poisoned darts (quivered)
 v - 4 atropa-tipped darts
 A - 7 javelins
Armour
 b - the +1 leather armour of Proximity {rElec rPois rC-}
   (You found it on level 5 of the Dungeon)

   rC:        It makes you vulnerable to cold.
   rElec:     It insulates you from electricity.
   rPois:     It protects you from poison.
 g - a +1 chain mail (worn)
 t - a +0 pair of boots (worn)
 y - a +0 cloak (worn)
Jewellery
 m - a +6 ring of dexterity (left hand)
 p - an amulet of reflection (around neck)
 J - a ring of positive energy
Wands
 o - a wand of mindburst (10)
 D - a wand of flame (35)
 E - a wand of polymorph (10)
 G - a wand of iceblast (12)
 I - a wand of paralysis (8)
Scrolls
 h - 2 scrolls of enchant armour
 i - a scroll of fear
 n - 4 scrolls of identify
 q - 2 scrolls of teleportation
 r - 2 scrolls of poison
 B - 3 scrolls of enchant weapon
 C - 2 scrolls of magic mapping
 H - a scroll of butterflies
Potions
 c - 5 potions of heal wounds
 d - 3 potions of haste
 j - 7 potions of curing
 k - a potion of lignification
 l - a potion of magic
 s - 2 potions of cancellation
 u - 4 potions of flight
 w - a potion of ambrosia
 x - a potion of mutation
 z - 3 potions of might
 F - a potion of resistance


   Skills:
 + Level 9.2 Fighting
 * Level 12.5 Axes
 - Level 5.0 Throwing
 + Level 6.5 Armour
 + Level 6.3 Dodging
 + Level 7.8 Shields
 + Level 5.9 Evocations


You had 10 spell levels left.
You didn't know any spells.
Your spell library was empty.

Dungeon Overview and Level Annotations

Branches:
Dungeon (8/15)             Temple (0/1) D:7            Lair (2/5) D:8
 Spider (0/4) Lair:2        Sewer (visited)
  Swamp: Lair:2-3    Shoals: Lair:2-3

Altars:
Dithmenos
Fedhas
Gozag
The Shining One

Shops:
D:5 **

Annotations:
D:8 Joseph


Innate Abilities, Weirdness & Mutations

You have a pair of horns on your head.
You reflexively headbutt those who attack you in melee.


Message History

You block the five-headed hydra's attack.
The five-headed hydra bites you.
You hit the five-headed hydra.
The five-headed hydra is moderately wounded.
The five-headed hydra bites you!
You block the five-headed hydra's attack.
The five-headed hydra bites you.
The five-headed hydra closely misses you. x2
Unknown command.
The seven-headed hydra roars!
You hit the five-headed hydra. You headbutt the five-headed hydra!
The five-headed hydra is heavily wounded.
The five-headed hydra barely misses you.
The five-headed hydra bites you.
The five-headed hydra bites you but does no damage.
The five-headed hydra bites you! x2
You hit the five-headed hydra.
The five-headed hydra is severely wounded.
The five-headed hydra closely misses you.
You furiously retaliate!
You headbutt the five-headed hydra.
You block the five-headed hydra's attack.
The five-headed hydra bites you.
The five-headed hydra bites you but does no damage.
The five-headed hydra barely misses you.
You completely miss the five-headed hydra.
You headbutt the five-headed hydra.
The five-headed hydra is severely wounded.
The five-headed hydra bites you.
* * * LOW HITPOINT WARNING * * *
The five-headed hydra bites you but does no damage.
You block the five-headed hydra's attack.
The five-headed hydra bites you!
* * * LOW HITPOINT WARNING * * *
The five-headed hydra bites you!
* * * LOW HITPOINT WARNING * * *
As you read the scroll of teleportation, it crumbles to dust.
You feel strangely unstable.
A rime drake comes into view.
The five-headed hydra bites you!
You die...

... ... #. k... .../ ..> ...
..... ... ...).... ........
.#D#>#.#.#.#.......
#.............. ##.
##.#.#.#.#.##.. ##
+.D.........#.# #
###@#.#.#.#.##.### #
#............#...# #
##.....##.#.#.#.#.#.#....###
#.......#............#...##.
##......#.#.#.#.#.#.#..#รท.##
........................####
..........#.#.#.#.#.#P.#####
..................#...'.P#.#
............................


You could see a seven-headed hydra, a five-headed hydra and a rime drake
(wandering).

Vanquished Creatures
  3 elephants
  A cane toad (Lair:2)
  2 torpor snails
  A komodo dragon (Lair:1)
  A hornet (D:7)
  4 blink frogs (Lair:1)
  5 wyverns
  11 yaks
  8 water moccasins
  2 orc warriors
  2 sky beasts
  3 black bears
  A centaur (D:5)
  3 ogres
  4 wolves (D:8)
  5 bullfrogs
  A scorpion (D:6)
  4 wights (D:6)
  4 howler monkeys
  4 orc priests
  7 hounds
  5 jellies
  2 sleepcaps
  2 gnoll boudas
  Terence (D:2)
  6 iguanas
  8 orc wizards
  Robin (D:2)
  11 gnolls
  10 adders
  A river rat (Sewer)
  A shadow imp (D:4)
  A white imp (D:6)
  3 ufetubi
  4 worms
  4 dart slugs
  33 orcs
  5 bats
  16 endoplasms
  5 giant cockroaches
  16 goblins
  6 hobgoblins
  6 jackals
  16 kobolds
  2 quokkas (D:1)
  8 ball pythons
  5 frilled lizards
  8 rats
262 creatures vanquished.

Vanquished Creatures (collateral kills)
  A hornet (D:8)
  Grum (D:8)
2 creatures vanquished.

Grand Total: 264 creatures vanquished

Notes
Turn   | Place    | Note
-------+----------+-------------------------------------------
     0 | D:1      | howech the Minotaur Berserker began the quest for the Orb.
     0 | D:1      | Reached XP level 1. HP: 19/19 MP: 0/0
   162 | D:1      | Reached XP level 2. HP: 23/27 MP: 1/1
   274 | D:1      | Reached skill level 4 in Axes
   469 | D:1      | Reached XP level 3. HP: 22/33 MP: 2/2
   482 | D:1      | Reached ** piety under Trog
  1139 | D:2      | Reached skill level 1 in Shields
  1142 | D:2      | Reached XP level 4. HP: 40/40 MP: 3/3
  1194 | D:2      | Reached skill level 1 in Throwing
  1194 | D:2      | Reached skill level 1 in Evocations
  1275 | D:2      | Reached XP level 5. HP: 38/46 MP: 4/4
  1375 | D:2      | Found a blossoming altar of Fedhas.
  1375 | D:2      | Noticed Robin
  1384 | D:2      | Killed Robin
  1389 | D:2      | Reached *** piety under Trog
  1478 | D:2      | Noticed Terence
  1488 | D:2      | Killed Terence
  1489 | D:2      | Reached skill level 5 in Axes
  1613 | D:2      | Found a faded altar of an unknown god.
  2048 | D:3      | Reached XP level 6. HP: 31/53 MP: 5/5
  2541 | D:3      | Found a glowing drain.
  2580 | Sewer    | Entered a sewer
  3291 | D:4      | Reached XP level 7. HP: 54/60 MP: 6/6
  3336 | D:4      | Reached skill level 6 in Axes
  4168 | D:5      | Entered Level 5 of the Dungeon
  4171 | D:5      | Reached **** piety under Trog
  4197 | D:5      | Reached skill level 5 in Fighting
  4572 | D:5      | Found a shadowy altar of Dithmenos.
  4663 | D:5      | Reached XP level 8. HP: 67/68 MP: 7/7
  4823 | D:5      | Found a glowing golden altar of the Shining One.
  5006 | D:5      | Reached skill level 7 in Axes
  5038 | D:5      | Found Zuloerix's Specific Store.
  5039 | D:5      | Found Agiteleq's General Store.
  5054 | D:5      | Identified the +1 leather armour of Proximity {rElec rPois
                  | rC-}
  5200 | D:6      | Reached skill level 5 in Armour
  5598 | D:6      | Reached skill level 8 in Axes
  5600 | D:6      | Reached skill level 5 in Dodging
  5624 | D:6      | Reached XP level 9. HP: 72/75 MP: 8/8
  5993 | D:7      | Reached skill level 5 in Shields
  6211 | D:7      | Reached skill level 9 in Axes
  6650 | D:7      | Reached skill level 5 in Throwing
  7009 | D:7      | Found a staircase to the Ecumenical Temple.
  7193 | D:8      | Found a staircase to the Lair.
  7288 | D:8      | Reached skill level 10 in Axes
  7317 | D:8      | Reached XP level 10. HP: 66/86 MP: 9/9
  7437 | D:8      | Found an opulent altar of Gozag.
  7606 | D:8      | Reached skill level 5 in Evocations
  7745 | D:8      | Noticed Joseph
  7898 | D:8      | Noticed Grum
  7953 | D:8      | Killed Grum
  7954 | D:8      | Reached skill level 11 in Axes
  8262 | Lair:1   | Entered Level 1 of the Lair of Beasts
  8921 | Lair:1   | Noticed a torpor snail
  9080 | Lair:1   | Killed a torpor snail
  9287 | Lair:1   | Reached skill level 12 in Axes
  9298 | Lair:1   | Reached XP level 11. HP: 63/95 MP: 10/10
  9789 | Lair:2   | Noticed a seven-headed hydra
  9867 | Lair:2   | Found a hole to the Spider Nest.
 10349 | Lair:2   | Noticed a five-headed hydra
 10359 | Lair:2   | Slain by a five-headed hydra

Illustrated notes

Levels and vault maps discovered:
D:1:      onia_arrival_mini_spirals, layout_loops_ring
D:2:      cheibrodos_fertilizer, layout_rooms, basic_altar,
          shapermc_ecumenical_altar_mp_urbaneastern, reono_crystal_passage,
          hangedman_abyss_or_decor_stabs, kennysheep_generic_room_6, uniq_robin,
          uniq_terence
D:3:      layout_basic, cheibrodos_sewer_entry_bend
D:4:      layout_loops_ring
D:5:      layout_basic, mainiacjoe_overflow_24_doors,
          mainiacjoe_overflow_alcove_1, nicolae_specific_store
D:6:      layout_rooms
D:7:      layout_gridville, minmay_temple_entry_junction, grunt_ministairs_11
D:8:      layout_basic, mainiacjoe_overflow_six_doors_small, lair_entry_dummy,
          uniq_grum, uniq_joseph
Lair:1:   layout_hall_layers
Lair:2:   layout_regular_city, dummy_spider_entry, st_stairs_10,
          grunt_megastairs_2

Skill      XL: |  1  2  3  4  5  6  7  8  9 10 11 |
---------------+----------------------------------+-----
Axes           | 4 5 6 8 10 12 | 12.5
Fighting       | 4 5 6 7 8 9 |  9.2
Shields        | 1 2 3 4 6 7 |  7.8
Armour         | 3 4 5 6 |  6.5
Throwing       | 1 2 3 5 |  5.0
Evocations     | 1 2 3 4 5 |  5.9
Dodging        | 3 4 5 6 |  6.3

Action                     |  1- 3 |  4- 6 |  7- 9 | 10-12 || total
---------------------------+-------+-------+-------+-------++-------
  Melee: Hand axe          |    92 |   229 |   337 |   277 ||   935
         Headbutt          |    10 |    33 |    62 |    76 ||   181
         Punch             |     1 |     2 |     5 |     4 ||    12
         Dagger            |       |       |       |     5 ||     5
  Throw: Dart              |       |       |    52 |    19 ||    71
 Invoke: Trog's Hand       |       |     4 |     4 |     6 ||    14
         Berserk           |       |     1 |     4 |     2 ||     7
         Brothers in Arms  |       |       |       |     1 ||     1
  Evoke: Wand              |       |       |       |     2 ||     2
    Use: Scroll            |     1 |    14 |     9 |     2 ||    26
   Stab: Sleeping          |     1 |       |       |       ||     1
         Distracted        |       |       |     1 |       ||     1
 Armour: Animal skin       |    13 |       |       |       ||    13
         Leather armour    |     6 |    23 |       |       ||    29
         Chain mail        |       |    79 |   146 |    86 ||   311
  Dodge: Dodged            |    57 |   106 |   135 |   100 ||   398
  Block: Other             |       |    14 |    60 |    38 ||   112
         Reflection        |       |       |     1 |       ||     1
